 Dungeon Crawl Stone Soup version 0.23.0 (webtiles) character file.

Game seed: 8155992567165118297

8815 Trogdor the Destroyer (level 11, -5/66 HPs)
             Began as a Centaur Wizard on Feb 19, 2019.
             Was a Believer of Ashenzari.
             Slain by a spiny frog (22 damage)
             ... on level 1 of the Lair of Beasts on Feb 20, 2019.
             The game lasted 02:04:10 (19006 turns).

Trogdor the Destroyer (Centaur Wizard)             Turns: 19006, Time: 02:04:10

Health: -5/66      AC:  8    Str:  5 (9)  XL:     11   Next: 14%
Magic:  3/18       EV:  9    Int: 18 (19) God:    Ashenzari [**....]
Gold:   527        SH:  0    Dex:  7 (10) Spells: 6/19 levels left

rFire    + . .     SeeInvis .   y - -3 spear (curse)
rCold    x . .     Gourm    .   (no shield)
rNeg     . . .     Faith    .   H - +0 robe (curse)
rPois    .         Spirit   .   b - +0 hat (curse)
rElec    .         Reflect  .   (no cloak)
rCorr    .         Harm     .   (no gloves)
MR       +....                  j - +0 centaur barding (curse)
Stlth    +.........             (no amulet)
HPRegen  0.61/turn              M - ring of fire
MPRegen  0.16/turn              (no ring)

@: lethally poisoned (-5 -> -8), very quick
A: large, hooves 3, deformed body, deterioration 1, speed 2, frail 1, magic
resistance 1, regeneration 1, tough skin 3
a: Curse Item, Scrying, Renounce Religion


You were on level 1 of the Lair of Beasts.
You worshipped Ashenzari.
Ashenzari was pleased with you.
You were not hungry.

You visited 2 branches of the dungeon, and saw 12 of its levels.
You also visited: Ossuary.

You collected 527 gold pieces.

Inventory:

Hand Weapons
 e - a +0 short sword
 i - a +0 hunting sling
 t - a +0 quarterstaff of speed
 y - a cursed -3 spear (weapon)
 L - a +0 flail
Missiles
 f - 224 stones (quivered)
 m - 52 sling bullets
Armour
 a - a +0 robe
 b - a cursed +0 hat (worn)
 j - a cursed +0 centaur barding (worn)
 l - a +0 plate armour
 C - a +1 helmet
 E - the +3 leather armour of the Hanged Man {rPois rF+ Dex-3}
   (You found it on level 6 of the Dungeon)

   It affects your dexterity (-3).
   It protects you from fire.
   It protects you from poison.
 G - a +2 chain mail of poison resistance
 H - a cursed +0 robe (worn)
Jewellery
 M - a ring of fire (left hand)
Wands
 u - a wand of flame (59)
 F - a wand of iceblast (6)
 K - a wand of random effects (16)
Scrolls
 c - 3 scrolls of fog
 g - 2 scrolls of identify
 h - 2 scrolls of amnesia
 n - a scroll of remove curse
 v - 3 scrolls of magic mapping
 x - a scroll of immolation
 I - a scroll of acquirement
Potions
 k - 2 potions of might
 o - a potion of cancellation
 r - a potion of berserk rage
 w - a potion of curing
 A - 2 potions of ambrosia
 B - 2 potions of brilliance
 D - a potion of resistance
 J - a potion of flight
Comestibles
 d - 4 rations


   Skills:
 - Level 0.1(0.4) Polearms
 + Level 3.3(4.6) Dodging
 - Level 1.1(2.0) Stealth
 - Level 4.7 Spellcasting
 - Level 10.7 Conjurations
 + Level 0.4 Hexes
 + Level 6.7 Summonings
 + Level 2.6 Translocations
 + Level 4.8 Fire Magic
 + Level 2.7 Air Magic
 + Level 2.5 Poison Magic
 + Level 1.4 Evocations


You had 6 spell levels left.
You knew the following spells:

 Your Spells              Type           Power        Failure   Level  Hunger
a - Magic Dart            Conj           ####         1%          1    None
b - Slow                  Hex            #.......     17%         2    #......
c - Call Imp              Summ           ####....     1%          2    #......
d - Blink                 Tloc           N/A          7%          2    #......
e - Conjure Flame         Conj/Fire      #####...     1%          3    ###....
f - Mephitic Cloud        Conj/Pois/Air  ###.....     4%          3    ###....

Your spell library contained the following spells:

 Spells                   Type           Power        Failure   Level  Hunger


Dungeon Overview and Level Annotations

Branches:
Dungeon (11/15)            Temple (0/1) D:4            Lair (1/6) D:8
    Orc: D:9-12

Altars:
Ashenzari
Okawaru

Shops:
D:7 }


Innate Abilities, Weirdness & Mutations

You have hooves in place of feet.
Armour fits poorly on your strangely shaped body.
You cover ground very quickly.
You have extremely tough skin. (AC +3)
Your body sometimes deteriorates upon taking damage.
You are frail. (-10% HP)
You are resistant to hostile enchantments. (MR+)
Your natural rate of healing is unusually fast.


Message History

Confirm with . or Enter, or press ? or * to list all spells.
Aiming: Magic Dart (safe; 1% risk of failure)
Press: ? - help, Shift-Dir - straight line, f/p - elephant
Aim: an elephant (severely wounded, confused)
The magic dart hits the spiny frog but does no damage.
The spiny frog is moderately wounded.
You feel sick.
The spiny frog is engulfed in blazing flames.
The spiny frog stings you but does no damage.
Casting: Magic Dart (safe; 1% risk of failure)
Confirm with . or Enter, or press ? or * to list all spells.
Aiming: Magic Dart (safe; 1% risk of failure)
Press: ? - help, Shift-Dir - straight line, f/p - elephant
Aim: an elephant (severely wounded, confused)
The magic dart hits the spiny frog.
The spiny frog is heavily wounded.
You feel sick.
The spiny frog is engulfed in blazing flames.
The spiny frog stings you!!
You die...

.................................
.................................
......,..........................
.....,...........................
...., ...........................
...##+P####.Y..................F.
...#.......#...##########......Y.
...........#...########.#...###†#
...#.......#...F@.......#.F.###+.
...#.......#...##...........##...
...............##........#..##...
...#.......#...##.......##..##...
..Y#...........#####.#.#÷#..##...
...#.......#...##{#######.<..##.+
...#.#####.#.......Y........####.
.............................(...
###.###.P#P######.###.####.#.####


You could see an elephant (confused) and a spiny frog.

Vanquished Creatures
  A two-headed ogre (D:10)
  An unseen horror (D:11)
  The ghost of spsoon the Fighter, a novice VSFi of Okawaru (D:6)
  Maurice (D:8)
  A black mamba (D:8)
  4 elephants (Lair:1)
  2 spiny frogs (Lair:1)
  2 hippogriffs
  4 yaks (D:8)
  A basilisk (D:8)
  A hungry ghost (D:7)
  2 water moccasins (Lair:1)
  5 porcupines (D:8)
  2 sky beasts
  2 ice beasts
  2 black bears (D:6)
  An orc warrior (D:7)
  An ogre (D:11)
  A necrophage (D:7)
  3 crocodiles (D:8)
  A centaur (D:7)
  2 bullfrogs
  A water moccasin zombie (Ossuary)
  A scorpion (D:7)
  3 centaur zombies
  2 crimson imps
  2 centaur skeletons
  3 jellies
  3 orc priests
  A bullfrog skeleton (D:5)
  2 hounds (D:7)
  4 orc wizards
  8 worker ants
  2 big kobold zombies (Ossuary)
  A killer bee zombie (D:8)
  A hound skeleton (D:6)
  3 mummies
  A worker ant zombie (D:4)
  11 adders
  A river rat (D:5)
  11 adder zombies (Ossuary)
  4 worms
  3 dart slugs
  8 leopard geckos
  40 orcs
  12 giant cockroaches
  A gnoll zombie (Ossuary)
  8 goblins
  10 hobgoblins
  13 jackals
  11 kobolds
  4 quokkas
  A ball python (D:2)
  10 bats
  5 frilled lizards
  3 hobgoblin zombies (Ossuary)
  5 kobold zombies (Ossuary)
  4 orc zombies (Ossuary)
  A quokka skeleton (D:5)
  10 rats
255 creatures vanquished.

Vanquished Creatures (collateral kills)
  2 phantoms
  An ogre (D:5)
  A centaur (D:6)
  A killer bee (D:8)
  2 crimson imps (D:6)
  2 hounds
  An iguana (D:4)
  A worker ant (D:5)
  A worm (D:4)
  An orc (D:5)
  A jackal (D:5)
  A quokka (D:5)
15 creatures vanquished.

Vanquished Creatures (others)
  A fungus (D:8)
  A plant (Lair:1)
2 creatures vanquished.

Grand Total: 272 creatures vanquished

Notes
Turn   | Place    | Note
-------+----------+-------------------------------------------
     0 | D:1      | Trogdor the Centaur Wizard began the quest for the Orb.
     0 | D:1      | Reached XP level 1. HP: 14/14 MP: 3/3
   476 | D:1      | Reached XP level 2. HP: 20/20 MP: 0/5
   526 | D:1      | Learned a level 2 spell: Slow
   529 | D:1      | Learned a level 2 spell: Call Imp
   532 | D:1      | Learned a level 2 spell: Blink
   811 | D:1      | Gained mutation: You are frail. (-10% HP) [potion of
                  | mutation]
   811 | D:1      | Gained mutation: Your body sometimes deteriorates upon
                  | taking damage. [potion of mutation]
   811 | D:1      | Gained mutation: You are resistant to hostile enchantments.
                  | (MR+) [potion of mutation]
   811 | D:1      | Gained mutation: Your natural rate of healing is unusually
                  | fast. [potion of mutation]
  1045 | D:1      | Reached skill level 1 in Conjurations
  1314 | D:2      | Found a shattered altar of Ashenzari.
  1333 | D:2      | Became a worshipper of Ashenzari the Shackled
  1345 | D:2      | Reached XP level 3. HP: 23/23 MP: 4/7
  1959 | D:2      | Reached XP level 4. HP: 28/29 MP: 0/9
  2495 | D:2      | Found an iron altar of Okawaru.
  2755 | D:3      | Learned a level 3 spell: Conjure Flame
  3023 | D:3      | Reached skill level 1 in Summonings
  3032 | D:3      | Reached skill level 2 in Conjurations
  3335 | D:3      | Reached XP level 5. HP: 34/34 MP: 2/11
  4156 | D:4      | Noticed a two-headed ogre
  4775 | D:4      | Noticed a phantom
  5080 | D:4      | Killed a phantom
  5080 | D:4      | Reached skill level 1 in Translocations
  5080 | D:4      | Reached XP level 6. HP: 40/40 MP: 2/12
  5258 | D:4      | Found a staircase to the Ecumenical Temple.
  5280 | D:4      | Learned a level 3 spell: Mephitic Cloud
  6056 | D:4      | Reached skill level 3 in Conjurations
  6641 | D:5      | Entered Level 5 of the Dungeon
  6756 | D:5      | Found a sand-covered staircase.
  6757 | D:5      | Noticed an ice beast
  6762 | Ossuary  | Entered an ossuary
  7245 | Ossuary  | Reached XP level 7. HP: 45/45 MP: 3/14
  7696 | Ossuary  | Reached skill level 4 in Conjurations
  8807 | D:5      | Reached * piety under Ashenzari
  8977 | D:5      | Reached skill level 5 in Conjurations
  9302 | D:5      | Reached skill level 1 in Fire Magic
  9302 | D:5      | Reached XP level 8. HP: 51/51 MP: 1/15
 10130 | D:6      | Reached skill level 6 in Conjurations
 10979 | D:6      | Reached skill level 7 in Conjurations
 11312 | D:6      | Got the uncursed leather armour of the Hanged Man {rPois
                  | rF+ Dex-3}
 11543 | D:6      | Identified the +3 leather armour of the Hanged Man {rPois
                  | rF+ Dex-3} (You found it on level 6 of the Dungeon)
 11658 | D:6      | Found a runed translucent gate.
 11659 | D:6      | Found a runed translucent gate.
 11660 | D:6      | Found a runed translucent gate.
 11660 | D:6      | Noticed spsoon's ghost (novice VSFi)
 11981 | D:6      | Killed spsoon's ghost
 11981 | D:6      | Reached skill level 8 in Conjurations
 11981 | D:6      | Reached XP level 9. HP: 53/55 MP: 0/16
 12997 | D:7      | Reached skill level 9 in Conjurations
 12997 | D:7      | Reached skill level 5 in Summonings
 13344 | D:7      | Found Sishrob's Gadget Shop.
 13715 | D:7      | Reached ** piety under Ashenzari
 14282 | D:8      | Noticed Maurice
 14719 | D:8      | Killed Maurice
 14719 | D:8      | Reached skill level 10 in Conjurations
 14911 | D:8      | Reached XP level 10. HP: 62/62 MP: 0/17
 15232 | D:8      | Found a staircase to the Lair.
 15290 | D:8      | Reached skill level 1 in Air Magic
 15716 | D:8      | Identified a scroll of acquirement
 16115 | D:10     | Entered Level 10 of the Dungeon
 16171 | D:11     | Killed an unseen horror
 16171 | D:11     | Reached skill level 1 in Poison Magic
 16422 | D:10     | Noticed a two-headed ogre
 16432 | D:10     | Killed a two-headed ogre
 16854 | Lair:1   | Entered Level 1 of the Lair of Beasts
 16890 | Lair:1   | Reached skill level 1 in Evocations
 16925 | Lair:1   | Noticed a spiny frog
 16944 | Lair:1   | Killed a spiny frog
 16956 | Lair:1   | Noticed an elephant
 16974 | Lair:1   | Noticed an elephant
 16986 | Lair:1   | Killed an elephant
 17120 | Lair:1   | Noticed an elephant
 17512 | Lair:1   | Killed an elephant
 17801 | Lair:1   | Noticed a black mamba
 17842 | D:8      | Killed a black mamba
 17997 | D:8      | Reached XP level 11. HP: 66/66 MP: 10/18
 19006 | Lair:1   | Slain by a spiny frog

Skill      XL: |  1  2  3  4  5  6  7  8  9 10 |
---------------+-------------------------------+-----
Spellcasting   | 3 4 |  4.7
Conjurations   | 1 2 3 5 8 10 | 10.7
Summonings     | 1 2 3 4 5 6 |  6.7
Translocations | 1 2 |  2.6
Fire Magic     | 1 2 4 |  4.8
Air Magic      | 2 |  2.7
Poison Magic   | 2 |  2.5
Dodging        | 3 |  3.3
Evocations     | 1 |  1.4
Polearms       | |  0.1
Stealth        | |  1.1
Hexes          | |  0.4

Action                   |  1- 3 |  4- 6 |  7- 9 | 10-12 || total
-------------------------+-------+-------+-------+-------++-------
Melee: Short sword       |    50 |    32 |       |       ||    82
       Kick              |     7 |    14 |    11 |     4 ||    36
       Quarterstaff      |       |    76 |    25 |       ||   101
       Spear             |       |       |    48 |    19 ||    67
Throw: Stone             |       |       |     1 |     1 ||     2
 Cast: Magic Dart        |   103 |   297 |   506 |   208 ||  1114
       Call Imp          |     1 |    33 |    21 |     7 ||    62
       Slow              |       |     4 |       |       ||     4
       Conjure Flame     |       |     6 |    32 |    42 ||    80
       Blink             |       |     3 |     1 |     6 ||    10
       Mephitic Cloud    |       |       |     7 |    16 ||    23
Invok: Curse Item        |       |     1 |     1 |       ||     2
Evoke: Wand              |       |       |       |     4 ||     4
  Use: Scroll            |     3 |       |    10 |     8 ||    21
       Potion            |     2 |     1 |     2 |     4 ||     9
 Stab: Sleeping          |       |     1 |       |       ||     1
  Eat: Chunk             |     2 |    11 |    13 |     1 ||    27
       Ration            |       |     2 |     3 |     4 ||     9
Armor: Robe              |    19 |    80 |    78 |    59 ||   236
Dodge: Dodged            |    34 |    84 |    48 |    44 ||   210
